 Dungeon Crawl Stone Soup version 0.27-a0-681-g0c81a3c1c3 (webtiles) character file.

Game seed: 14735526170065054268

241 night the Ruffian (level 5, -3/40 HPs)
             Began as a Draconian Transmuter on Mar 19, 2021.
             Slain by Sigmund
             ... wielding a +3 scythe of flaming
              (12 damage)
             ... on level 3 of the Dungeon.
             The game lasted 00:07:08 (3711 turns).

night the Ruffian (Draconian Transmuter)            Turns: 3711, Time: 00:07:08

Health: -3/40      AC:  6    Str: 13    XL:     5   Next: 80%
Magic:  8/8        EV: 12    Int: 14    God:
Gold:   128        SH:  0    Dex: 11    Spells: 5/8 levels left

rFire    . . .     SeeInvis .     - Unarmed
rCold    . . .     Faith    .   (no shield)
rNeg     . . .     Spirit   .   (armour unavailable)
rPois    .         Reflect  .   (helmet restricted)
rElec    .         Harm     .   (no cloak)
rCorr    .         Rampage  .   m - +0 pair of gloves
Will     .....                  (no boots)
Stlth    +.........             (no amulet)
HPRegen  0.13/turn              (no ring)
MPRegen  0.11/turn              (no ring)

@: confused
A: AC +5, unfitting armour, cold-blooded
a: no special abilities


You were on level 3 of the Dungeon.
You visited 1 branch of the dungeon, and saw 3 of its levels.

You collected 128 gold pieces.

Inventory:

Hand Weapons
 j - a +3 dagger of chaos
Missiles
 a - 5 curare-tipped darts (quivered)
 b - 71 stones
 d - 9 arrows
Armour
 m - a +0 pair of gloves (worn)
Jewellery
 k - an amulet of reflection
Scrolls
 i - 5 scrolls of teleportation
Potions
 e - a potion of haste {unknown}
 f - a potion of heal wounds {unknown}
 h - a potion of curing {unknown}


   Skills:
 - Level 1.1 Fighting
 - Level 1.7 Dodging
 * Level 5.6 Unarmed Combat
 - Level 2.0 Spellcasting
 + Level 3.8 Transmutations


You had 5 spell levels left.
You knew the following spells:

 Your Spells              Type           Power      Damage    Failure   Level
a - Beastly Appendage     Tmut           24%        N/A       4%          1
b - Wereblood             Tmut           12%        N/A       8%          2

Your spell library contained the following spells:

 Spells                   Type           Power      Damage    Failure   Level
 Spider Form              Tmut/Pois      3%         N/A       32%         3
 Confusing Touch          Hex            1%         N/A       56%         3
 Gell's Gravitas          Tloc           0%         N/A       56%         3
 Ice Form                 Ice/Tmut       6%         N/A       71%         4
 Petrify                  Tmut/Erth      6%         N/A       71%         4
 Blade Hands              Tmut           6%         N/A       80%         5
 Yara's Violent Unravell  Hex/Tmut       3%         3d4       96%         5
 Metabolic Englaciation   Hex/Ice        0%         N/A       100%        5


Dungeon Overview and Level Annotations

Branches:
Dungeon (3/15)

Altars:
Gozag
Zin

Annotations:
D:3 Sigmund


Innate Abilities, Weirdness & Mutations

Your plain brown scales are hard. (AC +5)
You cannot fit into any form of body armour.
You are cold-blooded and may be slowed by cold attacks.


Message History

There is a stone staircase leading up here.
Casting: Beastly Appendage (safe; 4% risk of failure)
Confirm with . or Enter, or press ? or * to list all spells.
You grow a pair of large bovine horns.
Your feet morph into talons.
Unknown command.
Sigmund looks more healthy.
Sigmund hits you from afar with a +3 scythe of flaming.
Sigmund burns you.
You see here a poisoned dart.
Sigmund barely misses you.
You closely miss Sigmund.
Sigmund is moderately wounded.
Sigmund closely misses you.
You closely miss Sigmund.
Sigmund is moderately wounded.
Your transformation is almost over.
Sigmund points at you and mumbles some strange words.
You are confused.
You closely miss Sigmund. You claw Sigmund, but do no damage.
Your tail-slap misses Sigmund.
Sigmund is moderately wounded.
Sigmund points at you and mumbles some strange words.
You are more confused.
You hit Sigmund.
Your tail-slap misses Sigmund.
Sigmund is moderately wounded.
Sigmund closely misses you. Sigmund gestures at you while chanting.
The magic dart hits you!
You bump into the rock wall.
Sigmund hits you from afar with a +3 scythe of flaming!
Sigmund burns you.
You bump into the rock wall.
Sigmund hits you from afar with a +3 scythe of flaming.
* * * LOW HITPOINT WARNING * * *
Sigmund burns you.
* * * LOW HITPOINT WARNING * * *
You bump into the rock wall.
Your horns disappear.
Your talons disappear.
Sigmund hits you from afar with a +3 scythe of flaming!
You die...

#....# #..........
#.........# #..........
#{........# #.......###
...........# #.......###
...........# #..........
...........# #..........
...........# #..........
..########## #..........
#.....@..# #..........
..#.......@####..........
.......<..(..)(..........
.........#######.........
.........# ##.........
.........# #........[.
.........######........[.
.........#...............
.........#...............


You could see Sigmund.

Vanquished Creatures
  A scorpion (D:3)
  An orc priest (D:3)
  A centaur skeleton (D:2)
  7 adders
  A worm (D:2)
  3 dart slugs
  2 leopard geckos (D:2)
  5 orcs
  4 giant cockroaches
  7 goblins
  4 hobgoblins
  A quokka (D:2)
  3 ball pythons
  6 bats
  7 frilled lizards
  4 kobolds
  7 rats
64 creatures vanquished.

Notes
Turn   | Place    | Note
-------+----------+-------------------------------------------
     0 | D:1      | night the Draconian Transmuter began the quest for the Orb.
     0 | D:1      | Reached XP level 1. HP: 16/16 MP: 3/3
   379 | D:1      | Reached XP level 2. HP: 23/23 MP: 3/5
  1016 | D:2      | Reached skill level 4 in Unarmed Combat
  1016 | D:2      | Reached XP level 3. HP: 21/28 MP: 4/6
  1507 | D:2      | Reached XP level 4. HP: 35/35 MP: 7/7
  2225 | D:2      | Found an opulent altar of Gozag.
  2225 | D:2      | Found a glowing silver altar of Zin.
  2712 | D:3      | Learned a level 2 spell: Wereblood
  2783 | D:3      | Reached skill level 5 in Unarmed Combat
  2783 | D:3      | Reached XP level 5. HP: 28/40 MP: 8/8
  3529 | D:3      | Noticed Sigmund
  3711 | D:3      | Slain by Sigmund

Illustrated notes

Levels and vault maps discovered:
D:1:      lemuel_arrival_behind_the_door_large, layout_basic
D:2:      layout_basic, grunt_temple_overflow_gold_and_silver,
          minmay_tetromino_s2
D:3:      layout_basic, uniq_sigmund

Skill      XL: |  1  2  3  4 |
---------------+-------------+-----
Unarmed Combat | 4 5 |  5.6
Transmutations | 3 |  3.8
Fighting       | |  1.1
Dodging        | |  1.7
Spellcasting   | |  2.0

Action                   |  1- 3 |  4- 6 || total
-------------------------+-------+-------++-------
Melee: Unarmed           |    66 |   127 ||   193
       Kick              |    11 |    12 ||    23
       Headbutt          |    11 |     4 ||    15
       Tailslap          |     2 |     3 ||     5
       Dagger            |     2 |       ||     2
       Punch             |       |     2 ||     2
Throw: Stone             |     3 |       ||     3
       Dart              |       |     2 ||     2
 Cast: Beastly Appendage |    15 |    22 ||    37
       Wereblood         |       |     1 ||     1
Evoke: Wand              |       |     6 ||     6
  Use: Scroll            |       |     5 ||     5
Armor: Skin              |    16 |    35 ||    51
Dodge: Dodged            |    38 |    68 ||   106

Table legend: (Time is in decaauts)
 A = Elapsed time spent in this place.
 B = Non-inter-level travel time spent in this place.
 C = Inter-level travel time spent in this place.
 D = Time resting spent in this place.
 E = Time spent auto-exploring this place.
 F = Levels seen in this place.
 G = Mean time per level.
                   A        B        C        D        E       F      G
               +--------+--------+--------+--------+--------+-----+--------+
         Total |   3697 |   3635 |     62 |    340 |   2717 |   3 | 1232.3 |
       Dungeon |   3697 |   3635 |     62 |    340 |   2717 |   3 | 1232.3 |
               +--------+--------+--------+--------+--------+-----+--------+

Top non-repeatable levels by time:
     D:2: 1796 daAuts
     D:1: 1000 daAuts
     D:3: 901 daAuts
